 Dungeon Crawl Stone Soup version 0.25-a0-489-g9ae84a01e3 (webtiles) character file.

Game seed: 7220093258555678478, levelgen mode: deterministic

217 Roikka the Chopper (level 5, -3/54 HPs)
             Began as an Ogre Wanderer on Feb 11, 2020.
             Was an Initiate of Qazlal.
             Slain by an orc wizard
             ... wielding a +0 dagger
              (6 damage)
             ... on level 3 of the Dungeon.
             The game lasted 00:06:48 (3487 turns).

Roikka the Chopper (Ogre Wanderer)                  Turns: 3487, Time: 00:06:49

Health: -3/54      AC:  3    Str: 20    XL:     5   Next: 94%
Magic:  8/8        EV: 10    Int: 11    God:    Qazlal [......]
Gold:   67         SH:  0    Dex:  7    Spells: 8/8 levels left

rFire    . . .     SeeInvis .   a - +2 hand axe
rCold    . . .     Gourm    .   (no shield)
rNeg     . . .     Faith    .   b - +0 robe
rPois    .         Spirit   .   (helmet restricted)
rElec    .         Reflect  .   (no cloak)
rCorr    .         Harm     .   (gloves unavailable)
MR       .....                  (boots unavailable)
Stlth    +.........             e - amulet of the acrobat
HPRegen  0.18/turn              (no ring)
MPRegen  0.11/turn              (no ring)

@: no status effects
A: large, unfitting armour, tough skin 1
a: Renounce Religion


You were on level 3 of the Dungeon.
You worshipped Qazlal.
Qazlal was noncommittal.
You were not hungry.

You visited 1 branch of the dungeon, and saw 3 of its levels.

You collected 67 gold pieces.

Inventory:

Hand Weapons
 a - a +2 hand axe (weapon)
Missiles
 h - 8 poisoned darts (quivered)
Armour
 b - a +0 robe (worn)
Jewellery
 e - an amulet of the acrobat (around neck)
 l - an uncursed amulet of regeneration {unknown}
 m - a +1 ring of evasion {unknown}
Scrolls
 f - 3 scrolls of teleportation {unknown}
 i - a scroll of fog {unknown}
 k - a scroll of blinking {unknown}
 n - a scroll of fear {unknown}
Potions
 c - 2 potions of curing
 j - 2 potions of cancellation {unknown}
Comestibles
 d - 5 rations
 g - 2 chunks of flesh


   Skills:
 - Level 4.0 Fighting
 * Level 4.5 Axes
 - Level 2.0 Throwing
 - Level 3.0 Dodging
 - Level 2.4 Spellcasting
   Level 1.0 Earth Magic


You had 8 spell levels left.
You didn't know any spells.
Your spell library was empty.

Dungeon Overview and Level Annotations

Branches:
Dungeon (3/15)

Altars:
Qazlal
The Shining One


Innate Abilities, Weirdness & Mutations

You are too large for most types of armour.
You have tough skin. (AC +1)


Message History

You slash something! Something hits you. x2
You barely miss something. Something hits you.
You hit something.
You hear some strange, mumbled words.
A puff of flame appears from out of thin air!
The puff of flame hits you!
You hit something. Something hits you.
* * * LOW HITPOINT WARNING * * *
You barely miss something. Something hits you.
* * * LOW HITPOINT WARNING * * *
You barely miss something.
A bat comes into view.
You hear some strange, mumbled words.
You closely miss something.
You hear some strange, mumbled words.
A magic dart appears from out of thin air!
The magic dart hits you!
* * * LOW HITPOINT WARNING * * *
Something hits you.
You die...

..>. . .. #.###. ...... ...
. #..... .. .##.# ##.##. #
#. .##.# #.... #.### #.
.#..#######.. ....o.
#.#..#.......... ......#
#...# #.######.(
.......######.## ##........
.......og{@....###.########
...b...########.#.##
#...... ..........# ##..$##
########### ####


You could see an orc, a goblin and a bat.

Vanquished Creatures
  A worker ant (D:3)
  An orc wizard (D:3)
  6 adders
  4 gnolls
  2 oozes
  3 dart slugs
  2 orcs (D:3)
  7 bats
  2 giant cockroaches
  10 goblins
  6 hobgoblins
  4 jackals (D:1)
  2 quokkas (D:2)
  A ball python (D:1)
  4 frilled lizards
  3 kobolds
  5 rats
63 creatures vanquished.

Notes
Turn   | Place    | Note
-------+----------+-------------------------------------------
     0 | D:1      | Roikka the Ogre Wanderer began the quest for the Orb.
     0 | D:1      | Roikka set off with the following items: a +2 hand axe, a
                  | +0 robe, a potion of curing, a ration
     0 | D:1      | Reached XP level 1. HP: 19/19 MP: 3/3
   390 | D:1      | Reached XP level 2. HP: 28/28 MP: 5/5
   579 | D:2      | Reached XP level 3. HP: 17/37 MP: 6/6
  1382 | D:2      | Reached XP level 4. HP: 45/45 MP: 7/7
  2252 | D:2      | Reached XP level 5. HP: 7/54 MP: 8/8
  3216 | D:3      | Found a glowing golden altar of the Shining One.
  3293 | D:3      | Found a stormy altar of Qazlal.
  3301 | D:3      | Became a worshipper of Qazlal Stormbringer
  3487 | D:3      | Slain by an orc wizard

Levels and vault maps discovered:
D:1:      minmay_arrival_wavy_path, layout_basic
D:2:      layout_basic, first_ration
D:3:      layout_loops_ring, grunt_qazlal_clouds, corner_web_ring,
          tso_metal_star

Skill      XL: |  1  2  3  4  5 |
---------------+----------------+-----
Fighting       | 2 3 4 |  4.0
Axes           | 2 3 4 |  4.5
Dodging        | 3 |  3.0
Throwing       | |  2.0
Spellcasting   | |  2.4
Earth Magic    | |  1.0

Action                   |  1- 3 |  4- 6 || total
-------------------------+-------+-------++-------
Melee: Hand axe          |   101 |   156 ||   257
  Use: Potion            |       |     2 ||     2
 Stab: Sleeping          |       |     1 ||     1
  Eat: Chunk             |     2 |     6 ||     8
Armor: Robe              |    25 |    40 ||    65
Dodge: Dodged            |    72 |    91 ||   163

Table legend:
 A = Non-vault XP
 B = Vault XP
 C = Vault XP percentage of total XP
 D = Non-vault monster count
 E = Vault monster count
 F = Vault count percentage of total count
                 A         B        C        D         E       F
            +---------+---------+-------+---------+---------+-------
      Total |     310 |       0 |   0.0 |      63 |       0 |   0.0
            +---------+---------+-------+---------+---------+-------
        D:1 |      71 |       0 |   0.0 |      24 |       0 |   0.0
        D:2 |     115 |       0 |   0.0 |      21 |       0 |   0.0
        D:3 |     124 |       0 |   0.0 |      18 |       0 |   0.0
            +---------+---------+-------+---------+---------+-------
